 Dungeon Crawl Stone Soup version 0.20-a0-751-g905781e (webtiles) character file.

17 M4edhros the Grave Robber (level 2, 0/17 HPs)
             Began as an Octopode Necromancer on Feb 25, 2017.
             Succumbed to an adder's poison
             ... on level 2 of the Dungeon.
             The game lasted 00:00:47 (215 turns).

M4edhros the Grave Robber (Octopode Necromancer)     Turns: 215, Time: 00:00:47

Health: 0/17       AC:  1    Str:  5 (7)  XL:     2   Next: 62%
Magic:  5/5        EV: 13    Int: 19 (22) God:
Gold:   23         SH:  0    Dex:  9 (12) Spells: 4/5 levels left

rFire    . . .     SeeInvis .   d - +1 dagger (speed)
rCold    . . .     Gourm    .   (no shield)
rNeg     . . .     Faith    .   (helmet restricted)
rPois    .         Spirit   .   (no amulet)
rElec    .         Reflect  .   (no ring)
rCorr    .         Harm     .   (no ring)
MR       .....                  (no ring)
Stlth    +++.......             (no ring)
Regen    0.1/turn               (no ring)
MPRegen  0.1/turn               (no ring)
                                (no ring)
                                (no ring)

@: brilliant, lethally poisoned (0 -> -13)
A: almost no armour, stealthy swim, amphibious, 8 rings, constrict 8, camouflage
1, gelatinous body 1
a: no special abilities


You were on level 2 of the Dungeon.
You were not hungry.

You visited 1 branch of the dungeon, and saw 2 of its levels.

You collected 23 gold pieces.

Inventory:

Hand Weapons
 d - a +1 dagger of speed (weapon)
Missiles
 h - 32 sling bullets
Scrolls
 c - a scroll of enchant weapon {unknown}
 g - a scroll of identify {unknown}
 i - a scroll of amnesia {unknown}
Books
 a - a book of Necromancy

   Spells                             Type                      Level
   a - Pain                           Necromancy                   1
   b - Animate Skeleton               Necromancy                   1
   c - Vampiric Draining              Necromancy                   3
   d - Regeneration                   Charms/Necromancy            3
   e - Animate Dead                   Necromancy                   4
   f - Control Undead                 Necromancy                   4
Comestibles
 b - a bread ration
 f - 2 royal jellies


   Skills:
 + Level 2.4 Dodging
 - Level 2.6 Stealth
 * Level 1.6 Unarmed Combat
 - Level 2.0 Spellcasting
 - Level 4.0 Necromancy


You had 4 spell levels left.
You knew the following spells:

 Your Spells              Type           Power        Failure   Level  Hunger
a - Pain                  Necr           ####         1%          1    #......


Dungeon Overview and Level Annotations

Branches:
Dungeon (2/15)

Altars:


Innate Abilities, Weirdness & Mutations

You cannot wear most types of armour.
You are very stealthy in the water. (Stealth+)
You are amphibious.
You can wear up to eight rings at the same time.
You can use your tentacles to constrict eight enemies at once.
Your skin changes colour to match your surroundings (Stealth+).
Your rubbery body absorbs attacks. (AC +1, EV +1)


Message History

The adder poisons you!
Unknown command.
You barely miss the adder. Your grab misses the adder.
You constrict the adder. x2
* * * LOW HITPOINT WARNING * * *
You feel sick. The adder bites you.
* * * LOW HITPOINT WARNING * * *
The adder closely misses you.
Unknown command.
It was a potion of degeneration.
There was something very wrong with that liquid.
You feel weakened.
You feel dopey.
You feel clumsy.
You constrict the adder. x2; The adder misses you.
The adder barely misses you. The adder bites you.
* * * LOW HITPOINT WARNING * * *
Unknown command.
It was a potion of brilliance.
You feel clever all of a sudden.
You constrict the adder. x2
You kill the adder!
You die...

##r . ###### #..# ..
..$.. #...# ..# ....
...## ...# ...
..#.r## ##....# ....
#...##†....# ###..
#...S@....#
..#.####...S.....#
###.#....#....######
#.............#
#.#.####.#.#.##
##.#<.....#.#.####
..............>....
.####.###.........!
#..............


You could see 2 adders and a rat.

Vanquished Creatures
  An adder (D:2)
  A leopard gecko (D:1)
  A bat (D:1)
  A giant cockroach (D:1)
  3 kobolds (D:1)
7 creatures vanquished.

Notes
Turn   | Place    | Note
-------+----------+-------------------------------------------
     0 | D:1      | M4edhros the Octopode Necromancer began the quest for the Orb.
     0 | D:1      | Reached XP level 1. HP: 11/11 MP: 3/3
   155 | D:1      | Reached skill level 1 in Unarmed Combat
   155 | D:1      | Reached XP level 2. HP: 11/17 MP: 5/5
   215 | D:2      | Succumbed to an adder's poison

Vault maps used:
D:1:      eino_arrival_cavern_d, st_stairs_3
D:2:      minmay_heptomino_w4

Skill      XL: |  1 |
---------------+----+-----
Unarmed Combat | 1 |  1.6
Dodging        | |  2.4
Stealth        | |  2.6
Spellcasting   | |  2.0
Necromancy     | |  4.0

Action                   || total
-------------------------++-------
Melee: Dagger            ||    17
       Constrict         ||     9
       Tentacles         ||     6
       Unarmed           ||     5
  Use: Potion            ||     2
 Stab: Sleeping          ||     2
Armor: Skin              ||     3
Dodge: Dodged            ||    17
